 Dungeon Crawl Stone Soup version 0.29-a0-234-g0dae59b3db (webtiles) character file.

Game seed: 10557706711993358348

58381 tilp the Frost Mage (level 14, -4/66 HPs)
             Began as a Felid Ice Elementalist on Mar 2, 2022.
             Was a High Priest of Vehumet.
             Slain by a tyrant leech (27 damage)
             ... called by a spriggan druid
             ... on level 2 of the Swamp.
             The game lasted 01:26:30 (52175 turns).

tilp the Frost Mage (Felid Ice Elementalist)       Turns: 52175, Time: 01:26:31

Health: -4/66      AC:  7    Str:  4    XL:     14   Next: 49%
Magic:  6/28       EV: 23    Int: 22    God:    Vehumet [*****.]
Gold:   1522       SH:  0    Dex: 16    Spells: 6/31 levels left
                                        Lives:  0   Deaths: 2

rFire   . . .      SeeInvis +     - Unarmed
rCold   + . .      Faith    .   (shield unavailable)
rNeg    . . .      Spirit   .   (body armour unavailable)
rPois   +          Reflect  .   (helmet unavailable)
rElec   .          Harm     .   (cloak unavailable)
rCorr   .          Rampage  .   (gloves unavailable)
Will    ++...                   (boots unavailable)
Stlth   ++++......              (no amulet)
HPRegen 0.21/turn               c - +4 ring of protection
MPRegen 0.21/turn               p - ring of poison resistance

@: quick
A: very small, claws 1, fangs 3, see invisible, speed 1, shaggy fur 3, stealthy
paws, no weapons or thrown items, no armour, multi-lived
a: Renounce Religion


You were on level 2 of the Swamp.
You worshipped Vehumet.
Vehumet was extremely pleased with you.
You visited 5 branches of the dungeon, and saw 26 of its levels.

You collected 2306 gold pieces.
You spent 784 gold pieces at shops.

Inventory:

Jewellery
 c - a +4 ring of protection (left paw)
 e - a +4 ring of evasion
 h - a ring of protection from fire
 i - a ring of flight
 k - a ring of protection from cold
 o - a ring of resist corrosion
 p - a ring of poison resistance (right paw)
Wands
 f - a wand of polymorph (7)
 q - a wand of flame (17)
 x - a wand of iceblast (26)
 y - a wand of charming (4)
 F - a wand of paralysis (10)
 H - a wand of mindburst (20)
Scrolls
 g - 4 scrolls of vulnerability
 n - 2 scrolls of fear
 s - 10 scrolls of blinking
 v - 3 scrolls of amnesia
 A - 6 scrolls of silence
 B - 5 scrolls of magic mapping
 C - 6 scrolls of teleportation
 D - 2 scrolls of holy word
 J - a scroll of acquirement
 L - 2 scrolls of summoning
 M - 2 scrolls of fog
Potions
 a - 4 potions of lignification
 b - 3 potions of berserk rage
 d - 6 potions of mutation
 j - 5 potions of resistance
 l - 8 potions of curing
 m - 3 potions of cancellation
 r - 6 potions of flight
 t - 4 potions of magic
 u - 4 potions of might
 w - 2 potions of ambrosia
 E - 2 potions of haste
 G - 7 potions of heal wounds
 I - 2 potions of attraction
 K - 2 potions of invisibility
Miscellaneous
 z - a phantom mirror


   Skills:
 + Level 10.9 Fighting
 - Level 10.0 Dodging
 - Level 10.0 Stealth
 - Level 6.0 Unarmed Combat
 - Level 9.0 Spellcasting
 + Level 13.3 Conjurations
 + Level 13.4 Ice Magic
 - Level 4.0 Air Magic
 + Level 6.3 Earth Magic
 - Level 8.0 Evocations


You had 6 spell levels left.
You knew the following spells:

 Your Spells              Type           Power      Damage    Failure   Level
a - Freeze                Ice            100%       1d11      1%          1
b - Frozen Ramparts       Ice            100%       1d12      1%          3
c - Ozocubu's Armour      Ice            62%        N/A       1%          3
d - Hailstorm             Conj/Ice       62%        3d13      1%          4
e - Stone Arrow           Conj/Erth      100%       3d13      1%          3
f - Freezing Cloud        Conj/Ice/Air   26%        6-21      1%          5
g - Iron Shot             Conj/Erth      26%        9d6       5%          6

Your spell library contained the following spells:

 Spells                   Type           Power      Damage    Failure   Level
 Irradiate                Conj/Tmut      19%        3d20      3%          5
 Magic Dart               Conj           100%       1d8       1%          1
 Sandblast                Erth           74%        2d16      1%          1
 Ensorcelled Hibernation  Hex/Ice        78%        N/A       1%          2
 Poisonous Vapours        Pois/Air       36%        N/A       1%          2
 Searing Ray              Conj           100%       2d8       1%          2
 Static Discharge         Conj/Air       48%        N/A       1%          2
 Mephitic Cloud           Conj/Pois/Air  35%        N/A       1%          3
 Flame Wave               Conj/Fire      39%        2d9       1%          4
 Fulminant Prism          Conj/Hex       19%        3d11      1%          4
 Sticky Flame             Conj/Fire      39%        2d6       1%          4
 Passwall                 Tmut/Erth      19%        N/A       2%          2
 Scorch                   Fire           18%        2d5       2%          2
 Corpse Rot               Necr/Air       36%        N/A       4%          2
 Summon Ice Beast         Ice/Summ       39%        N/A       4%          4
 Ignite Poison            Fire/Tmut/Pois 9%         N/A       5%          3
 Inner Flame              Hex/Fire       9%         N/A       5%          3
 Beastly Appendage        Tmut           18%        N/A       7%          1
 Wereblood                Tmut           9%         N/A       10%         2
 Metabolic Englaciation   Hex/Ice        19%        N/A       12%         5
 Petrify                  Tmut/Erth      23%        N/A       19%         4
 Spider Form              Tmut/Pois      9%         N/A       21%         3
 Anguish                  Hex/Necr       4%         N/A       54%         4
 Cause Fear               Hex            4%         N/A       54%         4
 Dispel Undead            Necr           9%         3d8       54%         4
 Blade Hands              Tmut           4%         N/A       88%         5
 Summon Mana Viper        Hex/Summ       9%         N/A       88%         5
 Statue Form              Tmut/Erth      15%        N/A       95%         6
 Summon Cactus Giant      Summ           4%         N/A       100%        6
 Monstrous Menagerie      Summ           4%         N/A       100%        7
 Discord                  Hex            4%         N/A       100%        8
 Animate Armour           Summ/Erth      Unusable   N/A       N/A         4
 Portal Projectile        Hex/Tloc       Unusable   N/A       N/A         3

Dungeon Overview and Level Annotations

Branches:
Dungeon (15/15)            Temple (1/1) D:7            Lair (6/6) D:9
  Swamp (2/4) Lair:3        Snake (0/4) Lair:2        Slime (0/5) Lair:6
    Orc (2/2) D:9             Elf (0/3) Orc:2        Vaults (0/5) D:14
 Depths (0/4) D:15

Altars:
Ashenzari
Cheibriados
Dithmenos
Elyvilon
Fedhas
Gozag
Hepliaklqana
Kikubaaqudgha
Makhleb
Nemelex Xobeh
Okawaru
Qazlal
Ru
Sif Muna
Trog
Uskayaw
Vehumet
Wu Jian
Xom
Yredelemnul
Zin
The Shining One
Beogh

Shops:
D:12 [   D:13 ?   Orc:1 (   Orc:2 :?[!

Annotations:
D:11 exclusions: centaur and orc, Urug
D:13 2 transporters, exclusions: basilisk, boulder beetle, hydra, orc knight, skeletal warrior and ugly thing
Lair:1 exclusion: 3 oklob plants
Lair:6 demon ending, exclusions: door and 3 oklob plants
Swamp:1 3 runed translucent doors, Foikhlung's ghost, adept DsGl; Iveip's ghost, journeyman DDNe; Neengup's ghost, journeyman FeFi; Zahirihu's ghost, adept MiFi
Swamp:2 Roxanne
Orc:2 Saint Roka


Innate Abilities, Weirdness & Mutations

You have sharp claws.
You have razor-sharp teeth.
You have supernaturally acute eyesight. (SInv)
You cover ground quickly. (Speed+)
Your thick and shaggy fur keeps you warm. (AC +3, rC+)
Your paws help you pounce on unaware monsters.
You are incapable of wielding weapons or throwing items.
You cannot wear armour.
You gain extra lives every three experience levels.


Message History

Moving in this stuff is going to be slow.
The swamp worm fires a harpoon shot at you.
The harpoon shot hits you.
You are yanked forward by the harpoon shot.
Splash!
You fall into the shallow water.
Moving in this stuff is going to be slow.
Casting: Stone Arrow (safe; 1% risk of failure)
Confirm with . or Enter, or press ? or * to list all spells.
A film of ice covers your body! The swamp worm completely misses you.
Unknown command.
Unknown command.
Casting: Ozocubu's Armour (safe; 1% risk of failure)
Confirm with . or Enter, or press ? or * to list all spells.
Aiming: Freezing Cloud (dangerous; 1% risk of failure)
Press: ? - help, Dir - move target The swamp worm is engulfed in freezing vapours. x2
The swamp worm closely misses you.
The tyrant leech is engulfed in freezing vapours. x2
Unknown command.
Casting: Freezing Cloud (dangerous; 1% risk of failure)
Confirm with . or Enter, or press ? or * to list all spells.
Aiming: Stone Arrow (safe; 1% risk of failure)
Press: ? - help, Shift-Dir - straight line The stone arrow hits the swamp worm!
The swamp worm is severely wounded.
The tyrant leech no longer looks unusually strong.
The swamp worm is engulfed in freezing vapours.
You kill the swamp worm!
Vehumet accepts your kill.
You feel your power returning.
The swamp worm is engulfed in freezing vapours.
The swamp worm fires a harpoon shot at you.
The harpoon shot hits you!
* * * LOW HITPOINT WARNING * * *
Your icy armour cracks and falls away as you move.
You are yanked forward by the harpoon shot.
The tyrant leech is engulfed in freezing vapours.
The tyrant leech bites you!!
You die...

♣.♣≈♣♣.♣♣♣♣≈≈.≈≈§≈≈≈.≈≈≈.
♣.♣♣♣♣.♣♣.♣..≈≈≈≈§≈≈≈≈..
♣..)♣♣.♣.♣♣≈.≈≈≈≈≈≈≈≈≈§.
♣..♣.♣≈♣♣♣♣♣.≈≈≈≈≈≈≈≈≈. ♣ .
♣♣♣..♣♣≈♣♣♣♣♣........♣♣♣
♣.♣.♣♣..♣.♣♣♣.♣..♣♣♣♣♣♣♣♣♣♣ ♣
.≈≈♣.≈♣.♣♣ ♣§♣§§.♣♣♣
♣.≈♣§♣.♣♣♣w§§.≈≈.♣♣
♣♣♣≈.≈.♣♣♣♣@w§§.≈≈≈.♣
♣♣.♣≈≈≈≈.≈.≈♣♣≈..≈≈..♣♣♣♣
≈.≈..≈≈≈.♣≈♣♣♣♣♣§≈§).≈≈§♣♣♣♣♣
≈.≈.≈...≈♣♣♣ ♣..≈≈).≈≈.≈≈.<.
).........♣♣ ♣≈.≈≈≈≈≈≈≈≈..≈..
♣.♣≈....≈≈≈♣♣♣.≈≈≈≈≈†≈≈≈..≈♣.
♣♣≈♣♣..≈.≈≈§≈≈♣.≈≈≈≈≈≈≈i..(≈..
♣≈≈≈♣♣....≈≈≈≈≈..≈§≈≈≈....≈≈..
≈≈≈≈≈♣.♣....≈≈≈..≈≈≈...i≈.....


You could see a tyrant leech and a swamp worm.

Vanquished Creatures
  Kirke (Lair:5)
  Louise (D:14)
  Azrael (D:14)
  Snorg (Orc:1)
  12 hydras
  2 boulder beetles
  An ogre mage (D:15)
  6 centaur warriors
  2 catoblepae
  2 alligators
  15 two-headed ogres
  12 death yaks
  A deep troll earth mage (D:12)
  6 spriggans
  A flayed ghost (D:12)
  10 skeletal warriors
  2 goliath frogs (Swamp:2)
  2 wizards
  2 spriggan druids
  2 swamp dragons (Swamp:1)
  3 bog bodies (Swamp:1)
  2 necromancers
  6 orc knights
  9 ugly things
  A mana viper (shapeshifter) (D:14)
  A deep elf pyromancer (D:14)
  An orc sorcerer (Orc:1)
  3 manticores
  2 elephants (Lair:6)
  A will-o-the-wisp (Swamp:1)
  7 black mambas
  A gargoyle (D:12)
  14 cane toads
  A kobold demonologist (D:14)
  An unseen horror (D:10)
  8 komodo dragons
  4 rime drakes
  6 meliai
  2 trolls
  Grinder (D:6)
  A troll (shapeshifter) (D:14)
  A polar bear (Lair:6)
  6 hornets
  A wolf spider simulacrum (D:15)
  A bloated husk (Swamp:1)
  A wind drake (shapeshifter) (D:15)
  4 tyrant leeches
  12 slime creatures
  13 blink frogs
  A meliai zombie (D:15)
  5 dream sheep (Lair:5)
  Sigmund (D:2)
  A shadow (D:9)
  43 yaks
  A vampire (D:14)
  3 wraiths (D:12)
  7 wyverns
  A basilisk (shapeshifter) (D:14)
  A fire elemental (D:14)
  8 basilisks
  7 hogs
  A steam dragon (D:6)
  9 vampire mosquitoes
  Menkaure (D:4)
  11 swamp worms
  7 wargs
  3 nagas (Lair:2)
  18 water moccasins
  4 hell hounds
  2 ice beasts (D:7)
  34 orc warriors
  2 black bears
  6 wolves
  8 ogres
  13 centaurs
  2 gnoll sergeants
  Blork the orc (D:6)
  13 bullfrogs
  2 necrophages
  4 scorpions
  7 howler monkeys
  6 orc priests
  2 gnoll shamans
  5 hounds
  Crazy Yiuf (D:7)
  8 jellies
  3 iguanas
  Ijyb (D:2)
  12 orc wizards
  5 hell rats (Lair:4)
  24 gnolls
  9 adders
  A white imp (D:6)
  2 ufetubi
  5 worms
  A dart slug (D:1)
  60 orcs
  20 endoplasms
  4 giant cockroaches
  12 goblins
  9 hobgoblins
  5 kobolds
  8 quokkas
  11 ball pythons
  6 bats
  3 frilled lizards
  6 rats
652 creatures vanquished.

Vanquished Creatures (collateral kills)
  An ugly thing (D:9)
  A hog (D:10)
2 creatures vanquished.

Vanquished Creatures (others)
  2 yaks (D:8)
  An orc priest (D:8)
  An orc wizard (Orc:2)
  3 orcs (Orc:2)
  2 bushes
  2 foxfires (Swamp:1)
  63 fungi
  183 plants
  2 withered plants (Swamp:1)
259 creatures vanquished.

Grand Total: 913 creatures vanquished

Notes
Turn   | Place    | Note
-------+----------+-------------------------------------------
     0 | D:1      | tilp the Felid Ice Elementalist began the quest for the
                  | Orb.
     0 | D:1      | Reached XP level 1. HP: 7/7 MP: 4/4
   571 | D:1      | Reached XP level 2. HP: 11/11 MP: 3/6
  1781 | D:2      | Noticed Sigmund
  1869 | D:2      | Reached XP level 3. HP: 14/14 MP: 2/7
  1928 | D:2      | Noticed Ijyb
  1956 | D:1      | Learned a level 3 spell: Frozen Ramparts
  1987 | D:2      | Killed Ijyb
  2178 | D:2      | Learned a level 3 spell: Ozocubu's Armour
  2330 | D:2      | You fall into a shaft and drop 2 floors!
  2496 | D:3      | Reached XP level 4. HP: 18/18 MP: 3/9
  3027 | D:2      | Found a faded altar of an unknown god.
  3102 | D:2      | Reached skill level 5 in Ice Magic
  3264 | D:2      | Found a sacrificial altar of Ru.
  4090 | D:3      | Reached XP level 5. HP: 21/21 MP: 5/10
  4323 | D:3      | Identified the +3 pair of gloves of the Protecting Gods
                  | {*Slow Int+4 Dex+7}
  5106 | D:4      | Noticed Menkaure
  5138 | D:4      | Gained mutation: You are covered in thick fur. (AC +2)
                  | [Felid growth]
  5138 | D:4      | Reached XP level 6. HP: 25/25 MP: 5/11
  5157 | D:4      | Killed Menkaure
  5158 | D:4      | Reached skill level 1 in Fighting
  5158 | D:4      | Reached skill level 1 in Unarmed Combat
  5729 | D:4      | Reached XP level 7. HP: 18/30 MP: 12/12
  6295 | D:4      | Learned a level 3 spell: Stone Arrow
  6308 | D:5      | Entered Level 5 of the Dungeon
  6965 | D:5      | Reached skill level 5 in Stealth
  7276 | D:5      | Reached XP level 8. HP: 36/36 MP: 4/13
  7482 | D:5      | Reached skill level 1 in Conjurations
  7485 | D:5      | Reached skill level 1 in Earth Magic
  7916 | D:6      | Noticed Grinder
  7919 | D:6      | Killed Grinder
  8239 | D:6      | Noticed Blork the orc
  8247 | D:6      | Killed Blork the orc
  8455 | D:6      | Reached XP level 9. HP: 39/39 MP: 8/16
  8778 | D:6      | Found a shimmering blue altar of Sif Muna.
  9236 | D:6      | Learned a level 4 spell: Hailstorm
  9771 | D:2      | Killed Sigmund
  9772 | D:2      | Reached skill level 5 in Conjurations
 10337 | D:7      | Found a staircase to the Ecumenical Temple.
 10347 | Temple   | Entered the Ecumenical Temple
 10744 | Temple   | Became a worshipper of Vehumet
 10914 | D:7      | Reached skill level 5 in Spellcasting
 11427 | D:7      | Found a runed translucent door.
 11428 | D:7      | Noticed Crazy Yiuf
 11578 | D:7      | Killed Crazy Yiuf
 11835 | D:8      | Reached XP level 10. HP: 42/42 MP: 6/18
 12143 | D:8      | Got the Volume of Enchantment
 12272 | D:8      | Found an opulent altar of Gozag.
 12350 | D:8      | Identified the +1 pair of gloves "Lilas" {Rampage rPois
                  | MP+9 Int-4}
 13033 | D:9      | Found a staircase to the Orcish Mines.
 13218 | D:9      | Found a staircase to the Lair.
 13238 | D:9      | Identified the +2 whip of Exekheoh {flame, rN+ Will++
                  | rCorr}
 13547 | D:9      | Noticed a necromancer
 13606 | D:9      | Killed a necromancer
 13607 | D:9      | Reached skill level 1 in Evocations
 13778 | D:9      | Noticed a purple ugly thing
 14043 | D:9      | Killed a purple ugly thing
 14044 | D:9      | Reached skill level 5 in Fighting
 14044 | D:9      | Reached skill level 5 in Dodging
 14162 | D:10     | Entered Level 10 of the Dungeon
 14789 | D:10     | Noticed a two-headed ogre
 14790 | D:10     | Noticed a two-headed ogre
 14812 | D:10     | Killed a two-headed ogre
 14813 | D:10     | Reached skill level 5 in Unarmed Combat
 15048 | D:10     | Noticed a two-headed ogre
 15052 | D:10     | Noticed a two-headed ogre
 15052 | D:10     | Noticed a two-headed ogre
 15053 | D:10     | Noticed Lodul
 15054 | D:10     | Killed a two-headed ogre
 15055 | D:10     | Reached XP level 11. HP: 48/48 MP: 3/19
 15693 | D:10     | Killed a two-headed ogre
 15912 | D:10     | Noticed Lodul
 15912 | D:10     | Lodul changed into Lodul the hog
 15913 | D:10     | Noticed a two-headed ogre
 15917 | D:10     | Killed Lodul the hog
 15924 | D:10     | Killed a two-headed ogre
 16186 | D:10     | Killed a two-headed ogre
 16293 | D:10     | Killed a two-headed ogre
 16725 | D:11     | Identified the +0 ring mail of the Toothy God {rC+}
 16739 | D:11     | Noticed a two-headed ogre
 16998 | D:11     | Noticed Urug
 17042 | D:11     | Noticed a five-headed hydra
 17232 | D:11     | Killed a five-headed hydra
 17768 | Lair:1   | Entered Level 1 of the Lair of Beasts
 17865 | Lair:1   | Reached * piety under Vehumet
 17865 | Lair:1   | Offered knowledge of Shock by Vehumet.
 18386 | Lair:1   | Noticed an oklob plant
 19221 | Lair:1   | Gained mutation: Your thick and shaggy fur keeps you warm.
                  | (AC +3, rC+) [Felid growth]
 19221 | Lair:1   | Reached XP level 12. HP: 53/55 MP: 15/21
 19225 | Lair:1   | Reached ** piety under Vehumet
 19225 | Lair:1   | Offered knowledge of Foxfire by Vehumet.
 19344 | Lair:1   | Found a blossoming altar of Fedhas.
 20112 | Lair:2   | Noticed a four-headed hydra
 20602 | Lair:2   | Killed a four-headed hydra
 20958 | Lair:2   | Found a staircase to the Snake Pit.
 22664 | Lair:3   | Noticed a death yak
 22665 | Lair:3   | Noticed a death yak
 22892 | Lair:3   | Reached skill level 10 in Conjurations
 23000 | Lair:3   | Noticed a six-headed hydra
 23050 | Lair:3   | Reached skill level 10 in Ice Magic
 23109 | Lair:3   | Killed a six-headed hydra
 23680 | Lair:3   | Noticed a death yak
 23748 | Lair:3   | Found a staircase to the Swamp.
 23826 | Lair:3   | Offered knowledge of Conjure Flame by Vehumet.
 24212 | Lair:3   | Noticed a death yak
 24320 | Lair:3   | Noticed a death yak
 24769 | Lair:3   | Killed a death yak
 25923 | Lair:3   | Found a staircase to the Swamp.
 26233 | Lair:3   | Found a staircase to the Swamp.
 26387 | Lair:2   | Killed a death yak
 26977 | Lair:3   | Killed a death yak
 26978 | Lair:3   | Reached XP level 13. HP: 58/58 MP: 5/24
 28339 | Lair:4   | You fall into a shaft and drop 2 floors!
 28339 | Lair:6   | Entered Level 6 of the Lair of Beasts
 29217 | Lair:4   | Reached *** piety under Vehumet
 30369 | Lair:5   | Noticed Kirke
 30529 | Lair:5   | Offered knowledge of Dazzling Flash by Vehumet.
 30550 | Lair:5   | Noticed Kirke
 30550 | Lair:5   | Kirke changed into Kirke the hog
 30837 | Lair:5   | Killed Kirke
 31032 | Lair:5   | Identified a scroll of acquirement
 32251 | Lair:6   | Found a staircase to the Slime Pits.
 32916 | Lair:6   | Found an opulent altar of Gozag.
 32957 | Lair:6   | Reached skill level 5 in Evocations
 33610 | Lair:6   | Reached XP level 14. HP: 63/63 MP: 6/25
 34611 | Lair:6   | Found a burning altar of Makhleb.
 34992 | D:11     | Reached skill level 10 in Stealth
 35368 | D:12     | Reached **** piety under Vehumet
 35479 | D:12     | Found Sotomel's Armour Emporium.
 35492 | D:12     | Reached skill level 10 in Dodging
 35834 | D:12     | Offered knowledge of Freezing Cloud by Vehumet.
 35841 | D:12     | Learned a level 5 spell: Freezing Cloud
 36856 | D:13     | Found Gokui's Magic Scroll Shoppe.
 36866 | D:13     | Bought a scroll of summoning for 142 gold pieces
 36866 | D:13     | Bought a scroll of blinking for 112 gold pieces
 36866 | D:13     | Bought a scroll of silence for 112 gold pieces
 36866 | D:13     | Bought a scroll of magic mapping for 52 gold pieces
 36866 | D:13     | Bought a scroll of fog for 30 gold pieces
 36894 | D:13     | Learned a level 6 spell: Iron Shot
 36959 | D:13     | Found a transporter.
 36963 | D:13     | Found a transporter.
 36963 | D:13     | Noticed an orc warlord
 37215 | D:13     | Reached skill level 10 in Fighting
 37862 | D:13     | HP: 2/66 [meliai/+0 war axe (9)]
 38252 | D:14     | Noticed Azrael
 38265 | D:14     | Killed Azrael
 38266 | D:14     | Reached skill level 1 in Air Magic
 38706 | D:14     | Noticed Louise
 38871 | D:14     | HP: 1/66 [meliai/+0 war axe (19)]
 38872 | D:14     | Slain by a meliai
 38873 | D:14     | Reached XP level 13. HP: -4/61 MP: 9/24
 39126 | D:14     | Found a gate to the Vaults.
 39314 | D:14     | Killed Louise
 39724 | D:14     | Reached ***** piety under Vehumet
 39991 | D:12     | Offered knowledge of Iskenderun's Battlesphere by Vehumet.
 41420 | D:14     | Reached skill level 5 in Earth Magic
 41662 | D:14     | Reached XP level 14. HP: 52/66 MP: 10/26
 42060 | D:15     | Entered Level 15 of the Dungeon
 44159 | D:15     | Found an iron altar of Okawaru.
 44664 | D:15     | Killed from afar by an orc sorcerer
 44665 | D:15     | Reached XP level 13. HP: -7/57 MP: 18/26
 45865 | D:15     | Found a staircase to the Depths.
 46158 | Orc:1    | Entered Level 1 of the Orcish Mines
 46158 | Orc:1    | Found Cunutsuph's Weapon Boutique.
 46299 | Orc:2    | Entered Level 2 of the Orcish Mines
 46573 | Orc:2    | Found a staircase to the Elven Halls.
 46744 | Orc:1    | Noticed Snorg
 46754 | Orc:1    | Killed Snorg
 47295 | Orc:2    | Offered knowledge of Irradiate by Vehumet.
 48202 | Orc:2    | Found Gaifry's Book Shoppe.
 48202 | Orc:2    | Found Ehurch's Magic Scroll Boutique.
 48308 | Orc:2    | Bought a scroll of magic mapping for 52 gold pieces
 48308 | Orc:2    | Bought a scroll of summoning for 142 gold pieces
 48308 | Orc:2    | Bought a scroll of blinking for 112 gold pieces
 48308 | Orc:2    | Bought a scroll of fog for 30 gold pieces
 48566 | Orc:2    | Reached XP level 14. HP: 66/66 MP: 13/27
 49025 | Orc:2    | Found Tall's Antique Armour Shoppe.
 49025 | Orc:2    | Found Erhuph's Distillery.
 49033 | Orc:2    | Noticed Saint Roka
 49813 | Swamp:1  | Entered Level 1 of the Swamp
 50682 | Swamp:1  | Found a runed translucent gate.
 50682 | Swamp:1  | Found a runed translucent gate.
 50682 | Swamp:1  | Found a runed translucent gate.
 50741 | Swamp:1  | Noticed Iveip's ghost (journeyman DDNe)
 50741 | Swamp:1  | Noticed Foikhlung's ghost (adept DsGl)
 50745 | Swamp:1  | Noticed Neengup's ghost (journeyman FeFi)
 50745 | Swamp:1  | Noticed Zahirihu's ghost (adept MiFi)
 51784 | Swamp:2  | Paralysed by a hornet for 1 turns
 52106 | Swamp:2  | Noticed Roxanne
 52175 | Swamp:2  | Slain by a tyrant leech

Illustrated notes

Levels and vault maps discovered:
D:1:      dpeg_arrival_circle_labyrinth_c, layout_basic
D:2:      kennysheep_the_goblin_king, layout_loops_ring, basic_altar,
          ebering_ecumenical_altar_mist, grunt_ministairs_6, uniq_sigmund
D:3:      layout_rooms
D:4:      layout_loops_cross, hangedman_glass_teeth,
          chequers_serial_rivers_marsh, uniq_menkaure
D:5:      layout_rooms
D:6:      layout_gridville, mainiacjoe_overflow_alcove_4,
          kennysheep_generic_room_16, uniq_grinder, uniq_blork_the_orc
D:7:      layout_cave_pools, minmay_temple_entry_proselytizer,
          uniq_crazy_yiuf_cottage
D:8:      layout_rooms, mainiacjoe_overflow_concentric_impassable,
          lemuel_flamethrower_2
D:9:      layout_long_grid, lair_entry_dummy, orc_0_dummy, minmay_librarian
D:10:     hellmonk_warped_wall, layout_cave_pods, uniq_lodul
D:11:     layout_small_grid, kennysheep_path_1, uniq_urug
D:12:     layout_loops_ring, serial_shops, nicolae_shop_stone, wad_dig_loot
D:13:     gammafunk_beogh_shrine, layout_cave_pools, serial_shops,
          nicolae_shop_trees, minivault_28
D:14:     layout_cave_pools, david_vaults_1, uniq_louise, uniq_azrael
D:15:     grunt_enter_depths_magical_seal, layout_stronghold, okawaru_trees_2
Temple:   mainiacjoe_temple_cubbyholes
Lair:1:   lemuel_slime, layout_loops_ring, nicolae_quartered_pool_little,
          hangedman_tree_tricks, chequers_serial_rivers_small_b,
          chequers_serial_rivers_small_a, st_stairs_3
Lair:2:   layout_small_grid, minmay_snake_entry_guardpost_small, serial_forest,
          infiniplex_forest_straight_2, infiniplex_forest_corner_2,
          infiniplex_forest_clump_large, infiniplex_forest_lined_3,
          infiniplex_forest_straight_2, infiniplex_forest_lined_corner,
          infiniplex_forest_lined_corner, infiniplex_staircase_pool
Lair:3:   layout_cave_shapes, swamp_mist, serial_forest,
          infiniplex_forest_corner_1, infiniplex_forest_lined_room_3,
          infiniplex_forest_clump_large, infiniplex_forest_lined_ring,
          infiniplex_forest_zigzag_1, infiniplex_forest_clump_small,
          infiniplex_forest_end_double, infiniplex_forest_straight_4
Lair:4:   layout_loops_ring
Lair:5:   layout_roguey, nicolae_lair_yak_garden, uniq_kirke
Lair:6:   evil_forest, layout_misc_corridors, minmay_slime_entry_oklob_open,
          basic_altar, lemuel_fruit_tree
Swamp:1:  layout_falls_marsh, gammafunk_ghost_cemetery,
          evilmike_swamp_ruin_rubble_2, swamp_pool4
Swamp:2:  layout_basic_swamp, evilmike_swamp_ruin_house_2, swamp_pool4,
          nicolae_swamp_very_dense_foliage, uniq_roxanne, uniq_nikola
Orc:1:    layout_caves, serial_shops, shop, nicolae_shop_crystal, uniq_snorg
Orc:2:    st_orc_town, layout_diamond_mine, hangedman_minor_magic,
          uniq_saint_roka

Skill      XL: |  1  2  3  4  5  6  7  8  9 10 11 12 13 14 |
---------------+-------------------------------------------+-----
Ice Magic      | 4 5 6 7 8 10 13 | 13.4
Spellcasting   | 3 4 5 7 9 |  9.0
Fighting       | 2 4 6 8 10 | 10.9
Dodging        | 3 4 6 8 9 10 | 10.0
Stealth        | 3 5 6 7 8 9 10 | 10.0
Unarmed Combat | 2 4 5 6 |  6.0
Conjurations   | 3 7 8 10 12 13 | 13.3
Earth Magic    | 2 3 4 6 |  6.3
Evocations     | 3 4 5 8 |  8.0
Air Magic      | 2 4 |  4.0

Action                   |  1- 3 |  4- 6 |  7- 9 | 10-12 | 13-15 || total
-------------------------+-------+-------+-------+-------+-------++-------
Melee: Unarmed           |    20 |    56 |    90 |   106 |   116 ||   388
       Bite              |       |     5 |    13 |    17 |    21 ||    56
       Punch             |       |     2 |     4 |     6 |     6 ||    18
 Cast: Freeze            |    40 |    45 |    58 |    21 |     5 ||   169
       Frozen Ramparts   |     2 |    18 |    37 |    88 |    65 ||   210
       Ozocubu's Armour  |       |     6 |    27 |    65 |   105 ||   203
       Stone Arrow       |       |       |    25 |   181 |   585 ||   791
       Hailstorm         |       |       |       |    17 |    32 ||    49
       Freezing Cloud    |       |       |       |       |    64 ||    64
       Iron Shot         |       |       |       |       |    18 ||    18
Evoke: Wand              |       |       |       |     4 |     9 ||    13
       Phantom mirror    |       |       |       |     2 |     3 ||     5
  Use: Scroll            |     1 |     6 |    13 |     8 |     6 ||    34
       Potion            |       |     1 |       |     1 |     1 ||     3
 Stab: Sleeping          |     8 |     7 |    11 |    14 |    18 ||    58
       Paralysed         |       |       |       |     1 |       ||     1
Armor: Skin              |     2 |    14 |    36 |    28 |    78 ||   158
Dodge: Dodged            |    29 |    66 |   106 |   150 |   406 ||   757

Table legend: (Time is in decaauts)
 A = Elapsed time spent in this place.
 B = Non-inter-level travel time spent in this place.
 C = Inter-level travel time spent in this place.
 D = Time resting spent in this place.
 E = Time spent auto-exploring this place.
 F = Levels seen in this place.
 G = Mean time per level.
                   A        B        C        D        E       F      G
               +--------+--------+--------+--------+--------+-----+--------+
         Total |  48197 |  46120 |   2077 |  19182 |  20843 |  26 | 1853.7 |
       Dungeon |  26548 |  25268 |   1280 |  11092 |  10966 |  15 | 1769.9 |
        Temple |    353 |    276 |     77 |      0 |    272 |   1 |  353.0 |
          Lair |  15676 |  15129 |    547 |   5068 |   8023 |   6 | 2612.7 |
         Swamp |   2298 |   2235 |     63 |   1306 |    685 |   2 | 1149.0 |
  Orcish Mines |   3322 |   3214 |    108 |   1715 |    896 |   2 | 1661.0 |
               +--------+--------+--------+--------+--------+-----+--------+

Top non-repeatable levels by time:
  Lair:3: 4034 daAuts
    D:15: 3387 daAuts
  Lair:2: 2868 daAuts
  Lair:6: 2722 daAuts
    D:14: 2581 daAuts
    D:10: 2435 daAuts
    D:13: 2395 daAuts
  Lair:5: 2392 daAuts
     D:6: 2303 daAuts
  Lair:1: 2206 daAuts
    D:12: 2096 daAuts
     D:1: 1796 daAuts
   Orc:2: 1791 daAuts
 Swamp:1: 1679 daAuts
     D:4: 1669 daAuts
